 Dungeon Crawl Stone Soup version 0.23.2-33-g5129a83184 (webtiles) character file.

Game seed: 10546420759354188850

133 H0rd4k the Charlatan (level 5, 0/38 HPs)
             Began as a Human Artificer on Aug 5, 2019.
             Slain by a leopard gecko (4 damage)
             ... on level 3 of the Dungeon.
             The game lasted 00:02:45 (2679 turns).

H0rd4k the Charlatan (Human Artificer)              Turns: 2679, Time: 00:02:46

Health: 0/38       AC:  3    Str: 13    XL:     5   Next: 40%
Magic:  7/7        EV: 12    Int: 11    God:
Gold:   185        SH:  0    Dex: 14    Spells: 4/4 levels left

rFire    . . .     SeeInvis .   a - +0 short sword
rCold    . . .     Gourm    .   (no shield)
rNeg     . . .     Faith    .   b - +0 leather armour
rPois    .         Spirit   .   (no helmet)
rElec    .         Reflect  .   (no cloak)
rCorr    .         Harm     .   (no gloves)
MR       .....                  (no boots)
Stlth    ++........             (no amulet)
HPRegen  0.12/turn              (no ring)
MPRegen  0.10/turn              (no ring)

@: no status effects
A: no striking features
a: no special abilities


You were on level 3 of the Dungeon.
You were very hungry.

You visited 1 branch of the dungeon, and saw 3 of its levels.

You collected 185 gold pieces.

Inventory:

Hand Weapons
 a - a +0 short sword (weapon)
 s - a +3 spear
Missiles
 v - 6 tomahawks (quivered)
Armour
 b - a +0 leather armour (worn)
Wands
 c - a wand of flame (9)
 d - a wand of enslavement (11)
 e - a wand of random effects (15)
Scrolls
 h - 3 scrolls of enchant armour {unknown}
 i - 2 scrolls of amnesia {unknown}
 j - a scroll of noise {unknown}
 m - a scroll of identify {unknown}
 o - a scroll of immolation {unknown}
 t - a scroll of fog {unknown}
 u - a scroll of teleportation {unknown}
Potions
 g - a potion of invisibility
 k - 2 potions of brilliance
 l - a potion of haste {unknown}
 n - a potion of ambrosia {unknown}
 p - 2 potions of might {unknown}
 q - 3 potions of mutation {unknown}
 r - 4 potions of heal wounds
Comestibles
 f - 5 rations


   Skills:
 + Level 1.7 Fighting
 + Level 2.4 Short Blades
 + Level 2.0 Armour
 + Level 2.8 Dodging
 + Level 1.2 Stealth
 + Level 3.7 Evocations


You had 4 spell levels left.
You didn't know any spells.
Your spell library was empty.

Dungeon Overview and Level Annotations

Branches:
Dungeon (3/15)

Altars:
Trog


Message History

You closely miss the quokka. The quokka bites you.
You closely miss the quokka. The quokka bites you.
You hit the quokka.
The quokka is almost dead.
The quokka misses you.
You hit the quokka.
You kill the quokka!
You closely miss the leopard gecko. The leopard gecko bites you.
You completely miss the leopard gecko. The leopard gecko bites you.
* * * LOW HITPOINT WARNING * * *
You barely miss the leopard gecko. The leopard gecko bites you.
* * * LOW HITPOINT WARNING * * *
The leopard gecko bites you.
* * * LOW HITPOINT WARNING * * *
You closely miss the leopard gecko.
You are feeling very hungry.
The leopard gecko bites you.
* * * LOW HITPOINT WARNING * * *
You miss the leopard gecko. The leopard gecko bites you.
You die...

#.........####....##.#
'.).......'.......##.#
#.........####...###.#
##.......## #..## #.#
##.....## #.#####.##
##...## #........##
##'## #.######..# #.#
#.#######.# #.#
###@'..##)# ##.##
#l##...#)# ##...######
#l##.....# #.........#
#.##._...# #
##...####.###.##....##
# ##.##......#.##...##
#####.##.##.#####^..##
.........##.# #####
#####.#####.#


You could see a leopard gecko and a frilled lizard.

Vanquished Creatures
  A worker ant zombie (D:3)
  5 adders
  An ooze (D:2)
  A worm (D:3)
  2 leopard geckos (D:2)
  4 orcs (D:3)
  A ball python (D:3)
  5 bats
  3 giant cockroaches (D:3)
  4 hobgoblins
  5 jackals
  4 kobolds
  4 quokkas
  3 frilled lizards
  9 goblins
  7 rats
59 creatures vanquished.

Vanquished Creatures (collateral kills)
  An orc (D:3)
1 creature vanquished.

Vanquished Creatures (others)
  An orc (D:3)
1 creature vanquished.

Grand Total: 61 creatures vanquished

Notes
Turn   | Place    | Note
-------+----------+-------------------------------------------
     0 | D:1      | H0rd4k the Human Artificer began the quest for the Orb.
     0 | D:1      | Reached XP level 1. HP: 15/15 MP: 3/3
   231 | D:1      | Reached XP level 2. HP: 21/21 MP: 4/4
   556 | D:2      | Reached XP level 3. HP: 20/26 MP: 5/5
   782 | D:2      | Reached XP level 4. HP: 21/32 MP: 6/6
   807 | D:2      | Reached skill level 1 in Armour
  2035 | D:3      | Reached XP level 5. HP: 30/37 MP: 7/7
  2350 | D:3      | Found a bloodstained altar of Trog.
  2679 | D:3      | Slain by a leopard gecko

Skill      XL: |  1  2  3  4  5 |
---------------+----------------+-----
Armour         | 1 2 |  2.0
Short Blades   | 2 |  2.4
Fighting       | |  1.7
Dodging        | |  2.8
Stealth        | |  1.2
Evocations     | |  3.7

Action                   |  1- 3 |  4- 6 || total
-------------------------+-------+-------++-------
Melee: Short sword       |    94 |   199 ||   293
Throw: Tomahawk          |       |     1 ||     1
Evoke: Wand              |     4 |     6 ||    10
  Use: Potion            |     3 |       ||     3
 Stab: Sleeping          |     1 |     3 ||     4
  Eat: Chunk             |       |     5 ||     5
Armor: Leather armour    |    41 |    29 ||    70
Dodge: Dodged            |    61 |   113 ||   174
